Map: Аура смерти РВ

Players

ИИ 1 (знаток) - Winner!

  • Race: Protoss Protoss
  • Spawn Location: 11:00

Doll

  • Race: Zerg Zerg
  • Spawn Location: 5:00

VOD

Have the link to the VOD?

Description

Time

  • Played on: March 11, 2021, 1:24 p.m.
  • Length: 10:47
Show
View Real Time Build Order
Export as new Build Order

ИИ 1 (знаток) Protoss - Winner!

Build Orders: 1 Gate Expand 

Get SALT Encoding   

  12  0:00  Probe  
  13  0:13  Probe  
  14  0:20  Pylon  
  14  0:25  Probe  
  15  0:34  Probe  
  15  0:42  Probe  
  17  0:50  Gateway  
  17  1:08  Probe  
  17  1:09  Nexus  
  18  1:28  Pylon  
  18  1:31  Assimilator  
  18  1:40  Zealot  
  18  1:42  Probe  
  18  1:43  Cybernetics Core  
  21  1:55  Probe  
  22  2:04  Probe  
  22  2:06  Gateway  
  23  2:14  Assimilator  
  23  2:18  Probe  
  23  2:21  Pylon, Stalker  
  26  2:26  Probe  
  27  2:44  Assimilator  
  27  2:50  Probe  
  27  2:51  Adept  
  30  2:53  Probe  
  31  2:59  Stalker  
  31  3:00  Warp Gate  
  31  3:01  Probe  
  32  3:09  Probe x2  
  33  3:13  Zealot  
  33  3:17  Probe  
  34  3:21  Probe  
  38  3:31  Gateway  
  38  3:34  Zealot  
  40  3:48  Stalker  
  42  4:01  Stalker  
  44  4:06  Probe, Pylon  
  44  4:09  Probe  
  46  4:14  Probe  
  46  4:18  Sentry  
  46  4:20  Forge  
  46  4:24  Probe  
  50  4:31  Stargate  
  50  4:32  Probe  
  50  4:37  Protoss Ground Weapons Level 1  
  51  4:39  Probe  
  51  4:44  Probe  
  52  4:48  Pylon  
  52  4:51  Probe  
  54  4:56  Probe  
  55  5:01  Zealot  
  55  5:03  Probe  
  58  5:08  Probe  
  58  5:11  Pylon  
  59  5:14  Zealot  
  59  5:15  Probe  
  59  5:20  Probe  
  63  5:27  Probe  
  63  5:28  Zealot  
  66  5:32  Probe  
  66  5:34  Pylon  
  67  5:36  Void Ray  
  67  5:39  Probe  
  72  5:52  Probe x2  
  72  5:54  Pylon  
  72  5:55  Stalker  
  76  6:04  Probe  
  77  6:09  Stalker  
  77  6:11  Probe  
  79  6:13  Twilight Council  
  79  6:15  Pylon  
  79  6:16  Probe  
  81  6:22  Stalker  
  83  6:27  Protoss Ground Armor Level 1  
  83  6:30  Assimilator  
  83  6:32  Photon Cannon  
  83  6:36  Stalker  
  83  6:37  Robotics Facility  
  85  6:41  Pylon  
  85  6:49  Blink  
  85  6:50  Sentry  
  87  7:03  Pylon, Adept  
  87  7:06  Void Ray  
  93  7:23  Photon Cannon  
  93  7:24  Observer  
  93  7:26  Photon Cannon  
  94  7:38  Void Ray  
  94  7:45  Observer  
  99  8:56  Stalker  
  91  9:09  Stalker  
  69  9:11  Immortal  
  69  9:15  Pylon, Void Ray  
  69  9:16  Stalker  
  61  9:20  Nexus  
  65  9:26  Zealot  
  65  9:31  Sentry  
  65  9:33  Pylon  
  65  9:36  Sentry  
  65  9:42  Stalker  
  63  9:51  Immortal, Void Ray  
  60  9:58  Adept  
  61  10:02  Photon Cannon  
  61  10:04  Stalker, Forge  
  59  10:09  Sentry  
  57  10:19  Adept  
  53  10:29  Stalker  
  53  10:34  Probe  
  64  10:35  Sentry  
  64  10:40  Zealot  
  63  10:43  Assimilator  
Show
View Real Time Build Order
Export as new Build Order

Doll Zerg 

Build Orders: Hatch First 

Get SALT Encoding   

  12  0:01  Drone  
  13  0:13  Overlord  
  13  0:18  Drone  
  14  0:32  Drone x2  
  16  0:35  Drone  
  17  0:53  Hatchery  
  17  0:57  Drone  
  17  1:00  Drone  
  18  1:08  Drone, Extractor  
  18  1:19  Spawning Pool  
  18  1:25  Drone  
  18  1:30  Overlord  
  18  1:40  Drone  
  19  1:51  Drone  
  20  2:06  Queen x2  
  20  2:07  Zergling x2  
  20  2:08  Zergling x2  
  26  2:13  Baneling Nest  
  26  2:14  Drone  
  26  2:18  Drone  
  27  2:23  Drone  
  27  2:27  Drone  
  29  2:33  Drone, Extractor  
  29  2:37  Drone  
  30  2:54  Drone  
  30  2:56  Hatchery  
  30  2:58  Drone  
  30  2:59  Drone  
  30  3:06  Drone  
  30  3:07  Zergling x2  
  30  3:12  Zergling x2  
  33  3:16  Lair  
  33  3:20  Zergling x2  
  33  3:24  Overlord  
  34  3:28  Zergling x2  
  34  3:30  Zergling x2  
  34  3:32  Baneling  
  34  3:33  Baneling  
  36  3:34  Baneling  
  36  3:36  Baneling  
  36  3:40  Overlord  
  36  3:44  Baneling  
  36  3:45  Baneling  
  36  3:47  Zergling x2  
  38  3:48  Drone  
  38  3:50  Drone  
  38  3:53  Drone  
  38  3:55  Drone  
  41  3:58  Drone  
  42  4:03  Drone  
  42  4:04  Zergling x2  
  42  4:09  Drone  
  45  4:13  Drone  
  45  4:14  Centrifical Hooks  
  46  4:21  Drone, Hydralisk Den  
  46  4:23  Drone  
  47  4:28  Drone x2  
  47  4:31  Drone  
  50  4:36  Overlord  
  50  4:41  Overlord  
  50  4:43  Zergling x6  
  50  4:44  Zergling x2  
  54  4:48  Metabolic Boost  
  54  4:51  Hydralisk  
  56  4:54  Hydralisk  
  56  4:57  Hydralisk  
  60  5:00  Hydralisk  
  60  5:04  Hydralisk  
  64  5:10  Drone x3  
  64  5:11  Drone  
  64  5:12  Drone  
  69  5:18  Extractor  
  69  5:19  Drone x2  
  69  5:20  Extractor  
  69  5:21  Baneling x2  
  69  5:23  Baneling x2  
  69  5:26  Baneling  
  69  5:30  Baneling  
  69  5:32  Drone x2  
  69  5:33  Drone, Overlord  
  69  5:34  Drone  
  69  5:35  Drone  
  74  5:37  Overlord  
  74  5:39  Overlord  
  74  5:50  Roach Warren  
  74  5:52  Hydralisk  
  74  5:53  Hydralisk  
  77  5:58  Infestation Pit, Spine Crawler, Drone  
  77  5:59  Drone  
  77  6:01  Drone  
  77  6:03  Drone  
  79  6:04  Drone  
  79  6:05  Drone  
  79  6:09  Drone  
  79  6:10  Drone  
  79  6:11  Overlord  
  83  6:14  Hydralisk  
  83  6:16  Hydralisk  
  87  6:20  Hydralisk  
  87  6:23  Hydralisk  
  91  6:26  Overlord  
  91  6:29  Hydralisk  
  91  6:30  Drone  
  91  6:31  Drone  
  95  6:33  Drone  
  95  6:34  Drone  
  97  6:40  Drone x2  
  97  6:43  Drone  
  100  6:50  Infestor  
  100  6:52  Infestor  
  104  6:55  Drone  
  104  6:56  Drone  
  104  6:57  Drone  
  104  6:58  Drone, Hatchery  
  107  7:02  Infestor  
  107  7:05  Drone x2  
  111  7:11  Drone  
  111  7:12  Evolution Chamber x2  
  111  7:14  Drone  
  111  7:15  Evolution Chamber, Infestor, Extractor x2  
  110  7:18  Queen  
  110  7:19  Queen  
  110  7:21  Overlord  
  114  7:26  Overlord  
  114  7:27  Overlord  
  114  7:29  Overseer  
  114  7:30  Overseer  
  114  7:33  Pneumatized Carapace  
  114  7:37  Overlord  
  114  7:41  Hydralisk  
  114  7:42  Hydralisk  
  118  7:44  Zergling x2  
  118  7:45  Zergling x2, Drone  
  118  7:46  Drone  
  118  7:47  Drone  
  123  7:51  Zerg Melee Weapons Level 1  
  123  7:53  Drone x3  
  123  7:54  Overlord  
  123  7:55  Drone  
  127  8:00  Zerg Ground Armor Level 1  
  127  8:03  Drone  
  127  8:04  Zerg Missile Weapons Level 1  
  128  8:09  Hydralisk  
  128  8:10  Drone  
  128  8:11  Zergling x2  
Tags
 
Add a new tag
Caveats
  • Supply blocks, unpowered buildings, or Contaminate may cause inaccurate times.
  • Supply counts are checked every 10 seconds.